 Dungeon Crawl Stone Soup version 0.25-a0-435-g4b9beb1024 (webtiles) character file.

Game seed: 4127333415642618188, levelgen mode: deterministic

8835 ReteAZ the Cleaver (level 11, 0/92 HPs)
             Began as a Minotaur Abyssal Knight on Jan 29, 2020.
             Was a High Priest of Lugonu.
             Killed by Freeze
             ... invoked by Uwia's ghost
              (23 damage)
             ... on level 10 of the Dungeon.
             The game lasted 00:14:34 (9553 turns).

ReteAZ the Cleaver (Minotaur Abyssal Knight)        Turns: 9553, Time: 00:14:35

Health: 0/92       AC: 20    Str: 20    XL:     11   Next: 15%
Magic:  15/15      EV:  8    Int:  9    God:    Lugonu [*****.]
Gold:   259        SH: 16    Dex: 18    Spells: 10/10 levels left

rFire    . . .     SeeInvis .   H - +0 war axe (flame)
rCold    . . .     Gourm    .   u - +0 large shield
rNeg     . . .     Faith    .   C - +1 plate armour {rC+}
rPois    .         Spirit   .   (helmet restricted)
rElec    .         Reflect  .   M - +0 cloak of Iracwoc {rC- Regen+ Dex+3}
rCorr    .         Harm     .   y - +2 pair of gloves
MR       +....                  (no boots)
Stlth    ..........             (no amulet)
HPRegen  0.65/turn              I - ring of protection from magic
MPRegen  0.14/turn              l - +2 ring of protection

@: agile, berserk cooldown, slowed, very slow
A: retaliatory headbutt, horns 2
a: Depart the Abyss, Bend Space, Banish, Corrupt, Enter the Abyss, Renounce
Religion


You were on level 10 of the Dungeon.
You worshipped Lugonu.
Lugonu was extremely pleased with you.
You were hungry.

You visited 1 branch of the dungeon, and saw 10 of its levels.
You visited the Abyss 1 time.

You collected 528 gold pieces.
You spent 269 gold pieces at shops.

Inventory:

Hand Weapons
 a - a +1 hand axe
 d - a +1 hand axe of flaming
 H - a +0 war axe of flaming (weapon)
Armour
 b - a +0 leather armour
 g - a +0 scale mail
 r - a +0 pair of gloves
 u - a +0 large shield (worn)
 y - a +2 pair of gloves (worn)
 C - a +1 plate armour of cold resistance (worn)
 M - the +0 cloak of Iracwoc (worn) {rC- Regen+ Dex+3}
   (You found it on level 10 of the Dungeon)

   It affects your dexterity (+3).
   It makes you vulnerable to cold.
   It increases your rate of regeneration.
   If you remove this armour, your AC will fall 1 point (20 -> 19)
Jewellery
 f - an uncursed ring of resist corrosion
 l - a +2 ring of protection (right hand)
 s - an uncursed ring of stealth
 B - an uncursed ring of flight
 I - a ring of protection from magic (left hand)
 K - an uncursed ring of ice
Wands
 t - a wand of polymorph (3)
 z - a wand of scattershot (3)
Scrolls
 e - 3 scrolls of enchant armour {unknown}
 h - 12 scrolls of identify {unknown}
 i - 3 scrolls of amnesia {unknown}
 n - a scroll of immolation {unknown}
 q - 3 scrolls of teleportation {unknown}
 A - a scroll of random uselessness {unknown}
 D - a scroll of remove curse {unknown}
 J - a scroll of holy word {unknown}
 N - a scroll of enchant weapon {unknown}
Potions
 j - 2 potions of agility
 k - 2 potions of degeneration {unknown}
 m - a potion of ambrosia
 o - a potion of heal wounds
 p - 3 potions of haste {unknown}
 v - 3 potions of curing
 w - a potion of might {unknown}
 x - a potion of invisibility {unknown}
 E - 2 potions of brilliance {unknown}
 F - 2 potions of magic {unknown}
 G - a potion of resistance {unknown}
Comestibles
 c - 21 rations
 L - 8 chunks of flesh


   Skills:
 - Level 7.0 Fighting
 + Level 14.6 Axes
 - Level 7.2 Armour
 - Level 1.1 Dodging
 - Level 7.0 Shields
 - Level 7.1 Invocations


You had 10 spell levels left.
You didn't know any spells.
Your spell library contained the following spells:

 Spells                   Type           Power        Failure   Level  Hunger
 Beastly Appendage        Tmut           #.....       100%        1    ##.....
 Sticks to Snakes         Tmut           #.......     100%        2    ###....
 Spider Form              Tmut/Pois      #.........   100%        3    ####...
 Ice Form                 Ice/Tmut       #.......     100%        4    #####..
 Blade Hands              Tmut           #.........   100%        5    ######.


Dungeon Overview and Level Annotations

Branches:
Dungeon (10/15)            Temple (0/1) D:7            Lair (0/6) D:8
    Orc: D:9-12

Altars:
Ashenzari
Dithmenos
Elyvilon
Gozag
Ru
Sif Muna
Trog
Wu Jian

Shops:
D:5 *

Annotations:
D:10 Uwia's ghost, journeyman GnIE


Innate Abilities, Weirdness & Mutations

You reflexively headbutt those who attack you in melee.
You have a pair of horns on your head.


Message History

You writhe in agony.
The cyclops throws a large rock.
The large rock hits you!
Things that are here:
a large rock; a +2 antimagic rapier; a +3 chain mail You bump into the stone wall.
Uwia's ghost points at you and mumbles some strange words.
You are frozen.
The cyclops throws a large rock.
The large rock hits you.
* * * LOW HITPOINT WARNING * * *
Uwia's ghost points at you and mumbles some strange words.
You are frozen.
* * * LOW HITPOINT WARNING * * *
You bump into the translucent stone wall.
You feel less invigorated.
You feel less confused.
Uwia's ghost hits you but does no damage.
You writhe in agony.
* * * LOW HITPOINT WARNING * * *
You completely miss the cyclops. You closely miss Uwia's ghost.
Uwia's ghost points at you and mumbles some strange words.
You are frozen.
You die...

... ## #### .# ##...#
..##### ## ##....#.#
...... #. #....# #..
...$..
##.##....#≈##.##.....
##..#†[...??....#.....
#..©#CW# _=...T#©../.
#...#@.# .!##..#..###
#.#.#### #.##....+ #
#. # #.....# #
##.....# ###..#####
##.........
.............
.............
.............


You could see a cyclops and Uwia's ghost.

Vanquished Creatures
  2 two-headed ogres
  A deep troll (D:10)
  A moth of wrath (D:10)
  6 trolls
  A hornet (D:7)
  A hippogriff (D:9)
  3 wraiths (D:8)
  A hungry ghost (D:9)
  2 ice beasts
  A black bear (D:10)
  5 orc warriors
  A sky beast (D:8)
  A phantom (D:9)
  8 ogres
  3 centaurs
  A big kobold (D:8)
  4 bullfrogs
  5 scorpions
  4 wights (D:8)
  3 howler monkeys
  5 crimson imps
  2 bullfrog zombies
  A quasit (D:10)
  3 bullfrog skeletons
  5 hounds
  8 orc priests
  A centaur skeleton (D:9)
  2 jellies (D:5)
  Jessica (D:2)
  5 iguanas
  8 orc wizards
  7 worker ants
  Terence (D:2)
  2 hound zombies
  A hound skeleton (D:6)
  A howler monkey zombie (D:9)
  A worker ant zombie (D:10)
  11 adders
  A shadow imp (D:5)
  3 oozes
  An adder zombie (D:7)
  4 worms
  9 dart slugs
  5 leopard geckos
  45 orcs
  A giant cockroach (D:3)
  11 goblins
  6 hobgoblins
  14 jackals
  13 kobolds
  4 quokkas
  A ball python (D:1)
  8 bats
  5 frilled lizards
  11 rats
  A plant (D:2)
262 creatures vanquished.

Notes
Turn   | Place    | Note
-------+----------+-------------------------------------------
     0 | Abyss:1  | ReteAZ the Minotaur Abyssal Knight began the quest for the
                  | Orb.
     0 | Abyss:1  | Reached XP level 1. HP: 19/19 MP: 1/1
     0 | D:1      | Escaped the Abyss
    27 | D:1      | Reached skill level 3 in Axes
    36 | D:1      | Reached * piety under Lugonu
    36 | D:1      | Reached XP level 2. HP: 14/26 MP: 2/2
   280 | D:1      | Reached skill level 4 in Axes
   322 | D:1      | Reached XP level 3. HP: 18/31 MP: 3/3
   899 | D:2      | Reached skill level 5 in Axes
   926 | D:2      | Reached XP level 4. HP: 23/39 MP: 4/4
  1093 | D:2      | Noticed Terence
  1140 | D:2      | Killed Terence
  1261 | D:2      | Noticed an ogre
  1267 | D:2      | Killed an ogre
  1267 | D:2      | Reached skill level 6 in Axes
  1267 | D:2      | Reached XP level 5. HP: 45/45 MP: 5/5
  1272 | D:2      | Reached ** piety under Lugonu
  1404 | D:2      | Reached skill level 7 in Axes
  1685 | D:2      | Noticed Jessica
  1691 | D:2      | Killed Jessica
  2161 | D:3      | Reached XP level 6. HP: 43/51 MP: 6/6
  2221 | D:3      | Reached skill level 8 in Axes
  2979 | D:4      | Reached skill level 9 in Axes
  2982 | D:4      | Reached XP level 7. HP: 37/57 MP: 7/7
  3038 | D:4      | Reached *** piety under Lugonu
  3398 | D:4      | Reached skill level 10 in Axes
  3684 | D:5      | Entered Level 5 of the Dungeon
  3838 | D:5      | Found Tygikk's Assorted Antiques.
  3870 | D:5      | Bought a glowing white potion for 18 gold pieces
  3870 | D:5      | Bought a scroll labeled GEIGGE WAJEPLI for 21 gold pieces
  3870 | D:5      | Bought an emerald potion for 18 gold pieces
  3870 | D:5      | Bought a fuming orange potion for 18 gold pieces
  3870 | D:5      | Bought 2 coppery potions for 37 gold pieces
  3870 | D:5      | Bought a pair of embroidered gloves for 157 gold pieces
  3911 | D:5      | Reached skill level 11 in Axes
  4018 | D:5      | Reached XP level 8. HP: 59/64 MP: 8/8
  4237 | D:5      | Noticed Blork the orc
  4241 | D:5      | Noticed Blork
  4241 | D:5      | Blork the orc changed into Blork the bullfrog
  4252 | D:5      | Killed Blork the bullfrog
  4551 | D:5      | Found an ornate altar of the Wu Jian Council.
  4552 | D:5      | Found a white marble altar of Elyvilon.
  4554 | D:5      | Found a shimmering blue altar of Sif Muna.
  5307 | D:6      | Reached **** piety under Lugonu
  5336 | D:6      | Reached skill level 5 in Fighting
  5480 | D:6      | Reached skill level 12 in Axes
  5674 | D:6      | Reached skill level 1 in Shields
  6210 | D:7      | Reached skill level 5 in Armour
  6292 | D:7      | Reached XP level 9. HP: 35/75 MP: 9/9
  6770 | D:7      | Noticed a troll
  6781 | D:7      | Killed a troll
  6883 | D:7      | Found a sacrificial altar of Ru.
  7089 | D:7      | Noticed a two-headed ogre
  7096 | D:7      | Killed a two-headed ogre
  7096 | D:7      | Reached skill level 13 in Axes
  7096 | D:7      | Reached skill level 5 in Shields
  7103 | D:7      | Found a staircase to the Ecumenical Temple.
  7610 | D:8      | Reached XP level 10. HP: 86/86 MP: 10/10
  7626 | D:8      | Found an opulent altar of Gozag.
  7652 | D:8      | Reached ***** piety under Lugonu
  7703 | D:8      | Found a staircase to the Lair.
  8116 | D:8      | Found the +5 scythe "Finisher" {speed, eviscerate}
  8969 | D:9      | Found a shadowy altar of Dithmenos.
  8976 | D:9      | Found a shattered altar of Ashenzari.
  9167 | D:9      | Reached skill level 5 in Invocations
  9292 | D:10     | Entered Level 10 of the Dungeon
  9320 | D:10     | Reached skill level 14 in Axes
  9344 | D:10     | Noticed a two-headed ogre
  9348 | D:10     | Killed a two-headed ogre
  9386 | D:10     | Got an ichor-stained cloak
  9397 | D:10     | Identified the +0 cloak of Iracwoc {rC- Regen+ Dex+3} (You
                  | found it on level 10 of the Dungeon)
  9509 | D:10     | Found a transporter.
  9512 | D:10     | Found a bloodstained altar of Trog.
  9515 | D:10     | Noticed a deep troll
  9515 | D:10     | Noticed a moth of wrath
  9515 | D:10     | Noticed Uwia's ghost (journeyman GnIE)
  9520 | D:10     | Killed a moth of wrath
  9524 | D:10     | Reached XP level 11. HP: 88/92 MP: 3/15
  9525 | D:10     | Killed a deep troll
  9553 | D:10     | Killed from afar by Uwia's ghost

Levels and vault maps discovered:
D:1:      tarquinn_simple_flora_water_d, layout_rooms, serial_park_tiny_pond,
          minmay_pentomino_z4
D:2:      layout_basic, serial_forest, infiniplex_forest_corner_1,
          infiniplex_forest_lined_ring, infiniplex_forest_clump_medium,
          infiniplex_forest_lined_3_way, infiniplex_forest_lined_3,
          infiniplex_forest_straight_4, infiniplex_forest_clump_medium,
          infiniplex_forest_fountain, infiniplex_forest_straight_5,
          uniq_terence, uniq_jessica
D:3:      layout_loops_ring
D:4:      kennysheep_big_flooded_room, layout_basic, minmay_circle_x
D:5:      layout_basic, minitemple, serial_shops, shop_coins, first_ration,
          grunt_ministairs_7, kennysheep_generic_room_13, uniq_blork_the_orc
D:6:      layout_basic
D:7:      layout_basic, minmay_temple_entry_glass,
          eino_small_chamber_without_monster, grunt_ogre_cave,
          nicolae_ru_sacrificial_ziggurat
D:8:      layout_cave_pools, nicolae_overflow_crystal_walls, lair_entry_dummy,
          minmay_guarded_unrand_finisher
D:9:      minmay_klotski, layout_small_grid,
          chequers_temple_overflow_statue_of_worship
D:10:     layout_gridville, nicolae_trove_entry_diagonal, serial_glass,
          glass_columns_a, glass_columns_b, glass_columns_a, glass_columns_a,
          gammafunk_ghost_wrathful_warriors

Skill      XL: |  1  2  3  4  5  6  7  8  9 10 |
---------------+-------------------------------+-----
Axes           | 3 4 5 6 7 9 11 12 13 14 | 14.6
Fighting       | 5 7 |  7.0
Armour         | 5 7 |  7.2
Shields        | 2 5 7 |  7.0
Invocations    | 2 7 |  7.1
Dodging        | |  1.1

Action                   |  1- 3 |  4- 6 |  7- 9 | 10-12 || total
-------------------------+-------+-------+-------+-------++-------
Melee: Hand axe          |    89 |   189 |   276 |       ||   554
       Headbutt          |     6 |    23 |    63 |    48 ||   140
       War axe           |       |       |    87 |   290 ||   377
Invok: Depart the Abyss  |     1 |       |       |       ||     1
Evoke: Wand              |       |       |     3 |       ||     3
  Use: Potion            |       |     2 |     4 |     5 ||    11
  Eat: Chunk             |       |     7 |    14 |     7 ||    28
Armor: Leather armour    |    26 |     2 |       |       ||    28
       Skin              |       |    14 |       |       ||    14
       Scale mail        |       |    52 |    54 |       ||   106
       Plate armour      |       |       |    70 |   128 ||   198
Dodge: Dodged            |    55 |    68 |    50 |    25 ||   198
Block: Large shield      |       |       |   129 |   196 ||   325

Table legend:
 A = Non-vault XP
 B = Vault XP
 C = Vault XP percentage of total XP
 D = Non-vault monster count
 E = Vault monster count
 F = Vault count percentage of total count
                 A         B        C        D         E       F
            +---------+---------+-------+---------+---------+-------
      Total |    9210 |    3412 |  27.0 |     242 |      19 |   7.3
            +---------+---------+-------+---------+---------+-------
        D:1 |      71 |       4 |   5.3 |      37 |       2 |   5.1
        D:2 |     221 |      69 |  23.8 |      25 |       2 |   7.4
        D:3 |     113 |       0 |   0.0 |      23 |       0 |   0.0
        D:4 |     389 |     169 |  30.3 |      13 |       3 |  18.8
        D:5 |     478 |     142 |  22.9 |      19 |       2 |   9.5
        D:6 |     860 |       0 |   0.0 |      29 |       0 |   0.0
        D:7 |    2888 |     116 |   3.9 |      36 |       1 |   2.7
        D:8 |    1247 |     640 |  33.9 |      32 |       3 |   8.6
        D:9 |    1564 |       0 |   0.0 |      17 |       0 |   0.0
       D:10 |    1379 |    2272 |  62.2 |      11 |       6 |  35.3
            +---------+---------+-------+---------+---------+-------
